 Dungeon Crawl Stone Soup version 0.31.0-32-g396128a36d (webtiles) character file.

Game seed: 14273285685984758556

7818 cdecastro the Spear-Bearer (level 11, -1/90 HPs)
             Began as a Human Cinder Acolyte on Mar 19, 2024.
             Was a Priest of Ignis.
             Slain by a vampire (11 damage)
             ... on level 11 of the Dungeon.
             The game lasted 00:21:20 (10402 turns).

cdecastro the Spear-Bearer (Human Cinder Acolyte)  Turns: 10402, Time: 00:21:20

Health: -1/90      AC:  9    Str: 18    XL:     11   Next: 21%
Magic:  12/12      EV: 14    Int: 15    God:    Ignis [***...]
Gold:   593        SH:  0    Dex:  9    Spells: 12/12 levels left

rFire   + + .        Q - +5 trident
rCold   + . .        (no shield)
rNeg    . . .        T - +1 scale mail {rPois}
rPois   +            (no helmet)
rElec   .            Z - scarf {rC+ rF+}
rCorr   .            y - +0 pair of gloves
SInv    .            t - +0 pair of boots
Will    .....        p - amulet of regeneration Stlth
                     r - +5 ring of evasion
HPRegen 1.15/turn    (no ring)
MPRegen 0.13/turn

%: no passive effects
@: no status effects
A: explore regen
a: Renounce Religion, Fiery Armour, Foxfire Swarm, Rising Flame


You were on level 11 of the Dungeon.
You worshipped Ignis.
Ignis was most pleased with you.
You visited 2 branches of the dungeon, and saw 12 of its levels.

You collected 593 gold pieces.

Inventory:

Hand Weapons
 a - a +0 trident of venom
 b - a +1 sling of flaming
 g - a -1 spear of flaming
 Q - a +5 trident (weapon)
 Y - a +1 spear of venom
Missiles
 h - 40 poisoned darts (quivered)
 I - 2 curare-tipped darts
 V - 3 boomerangs
Armour
 t - a +0 pair of boots (worn)
 y - a +0 pair of gloves (worn)
 T - a +1 scale mail of poison resistance (worn)
 U - a +1 plate armour of poison resistance
 Z - a scarf of resistance (worn)
Magical Staves
 X - a staff of cold
Jewellery
 p - an amulet of regeneration (around neck)
 r - a +5 ring of evasion (left hand)
 A - a ring of fire
 O - an amulet of the acrobat
Talismans
 f - a maw talisman
 w - a flux talisman
 J - a serpent talisman
 S - a blade talisman
Wands
 j - a wand of acid (11)
 D - a wand of flame (43)
 F - a wand of charming (2)
 N - a wand of polymorph (8)
Scrolls
 c - 4 scrolls of vulnerability {unknown}
 i - 3 scrolls of fog {unknown}
 k - 2 scrolls of immolation {unknown}
 l - a scroll of teleportation {unknown}
 o - a scroll of blinking {unknown}
 s - 2 scrolls of enchant armour {unknown}
 x - 2 scrolls of revelation {unknown}
 B - a scroll of butterflies {unknown}
 C - a scroll of noise {unknown}
 H - 2 scrolls of enchant weapon {unknown}
 L - a scroll of amnesia {unknown}
 M - 2 scrolls of fear {unknown}
 R - 2 scrolls of poison {unknown}
Potions
 d - 2 potions of haste
 e - 2 potions of berserk rage
 m - a potion of brilliance {unknown}
 n - 2 potions of mutation
 q - 2 potions of attraction
 u - 2 potions of invisibility
 v - a potion of enlightenment {unknown}
 z - 2 potions of lignification
 E - a potion of resistance {unknown}
 G - a potion of heal wounds {unknown}
 K - 3 potions of curing
 P - a potion of magic
 W - a potion of degeneration {unknown}


   Skills:
 - Level 10.0 Fighting
 + Level 10.7 Polearms
 - Level 10.0 Ranged Weapons
 - Level 1.0 Spellcasting
 - Level 3.0 Fire Magic


You had 12 spell levels left.
You didn't know any spells.
Your spell library contained the following spells:

 Spells                   Type           Power      Damage    Failure   Level
 Scorch                   Fire           18%        2d5       36%         2
 Freeze                   Ice            0%         1d3       63%         1
 Summon Small Mammal      Summ           0%         N/A       63%         1
 Call Canine Familiar     Summ           0%         N/A       94%         3
 Frozen Ramparts          Ice            0%         1d1       94%         3
 Hailstorm                Conj/Ice       0%         3d5       94%         3
 Ozocubu's Armour         Ice            0%         N/A       94%         3
 Sigil of Binding         Hex            0%         N/A       94%         3
 Summon Ice Beast         Ice/Summ       0%         N/A       94%         3
 Tukima's Dance           Hex            0%         N/A       94%         3
 Summon Blazeheart Golem  Fire/Summ      5%         N/A       99%         4
 Dimensional Bullseye     Hex/Tloc       0%         N/A       100%        4
 Passage of Golubria      Tloc           0%         N/A       100%        4
 Metabolic Englaciation   Hex/Ice        0%         N/A       100%        5
 Yara's Violent Unravell  Hex/Alch       0%         3d3       100%        5
 Sculpt Simulacrum        Ice/Alch       0%         N/A       100%        6


Dungeon Overview and Level Annotations

Branches:
Dungeon (11/15)            Temple (1/1) D:4            Lair (0/5) D:8
    Orc (0/2) D:10

Altars:
Ashenzari
Cheibriados
Dithmenos
Elyvilon
Fedhas
Gozag
Hepliaklqana
Kikubaaqudgha
Makhleb
Nemelex Xobeh
Okawaru
Qazlal
Ru
Sif Muna
Trog
Uskayaw
Vehumet
Wu Jian
Xom
Yredelemnul
Zin
The Shining One

Annotations:
D:8 3 runed translucent doors, tizzy's ghost, novice GnEE
D:9 not done


Innate Abilities, Weirdness & Mutations

You regain HP and MP as you explore.


Message History

You puncture the vampire!
The vampire is heavily damaged.
The vampire barely misses you. The vampire closely misses you.
You closely miss the vampire.
The vampire is heavily damaged.
You hit the vampire.
The vampire is severely damaged.
The vampire draws life force from you!
The vampire is healed by the life force!
You hit the vampire.
The vampire is heavily damaged.
The vampire mumbles some strange words.
The vampire flickers and vanishes!
Deactivating autopickup; reactivate with Ctrl-A.
You puncture something! Something hits you!
Something bites you but does no damage.
You hit something. You miss something. Something draws life force from you!
You hit something. Something hits you but does no damage.
Something bites you but does no damage.
You closely miss something. Something draws life force from you.
* * * LOW HITPOINT WARNING * * *
You miss something. You miss something. Something hits you.
* * * LOW HITPOINT WARNING * * *
Something bites you but does no damage.
You closely miss something. Something draws life force from you!
* * * LOW HITPOINT WARNING * * *
You hit something. Something hits you.
* * * LOW HITPOINT WARNING * * *
Something bites you.
* * * LOW HITPOINT WARNING * * *
Something draws strength from your injuries!
You hit something but do no damage. You miss something.
Something draws life force from you!
* * * LOW HITPOINT WARNING * * *
You closely miss something. Something hits you.
* * * LOW HITPOINT WARNING * * *
Something bites you!
You die...

# #.#.# ... #.#.#.# .V
###.#.#.# .. ........# #.
## #.... #.. ... #...#
#V### ######... #...#
#...######........ #....
#.....##@....#########..#
#####.##{....+..........#
#........########...#
###..###.# #.... ##...#.#
###...# #...#.#.# #......
#...#...## #.#...#
.....##...#####.#...#
##....###......#.#...#


There were no monsters in sight!

Vanquished Creatures
  Pikel (D:5)
  A rime drake (D:8)
  2 polar bears (D:8)
  2 trolls
  Sigmund (D:2)
  7 yaks
  3 wyverns
  A shadow (D:8)
  A wraith (D:9)
  A warg (D:10)
  A water moccasin (D:8)
  2 black bears
  7 orc warriors
  5 ice beasts
  An ogre (D:6)
  4 centaurs
  A phantom (D:6)
  6 kobold brigands
  Blork the orc (D:5)
  A bullfrog (D:8)
  A gnoll sergeant (D:9)
  2 scorpions
  3 wights (D:7)
  10 killer bees
  A howler monkey (D:4)
  A bombardier beetle (D:4)
  A gnoll bouda (D:7)
  2 hounds
  7 orc priests
  2 sleepcaps
  Jessica (D:2)
  2 iguanas (D:5)
  9 orc wizards
  7 gnolls
  7 adders
  A shadow imp (D:6)
  A white imp (D:6)
  2 ufetubi (D:5)
  A dart slug (D:5)
  34 orcs
  5 endoplasms
  10 giant cockroaches
  6 goblins
  10 hobgoblins
  10 jackals
  4 quokkas
  4 ball pythons
  8 bats
  4 frilled lizards
  9 kobolds
  5 rats
219 creatures vanquished.

Vanquished Creatures (others)
  An orc wizard (D:9)
1 creature vanquished.

Grand Total: 220 creatures vanquished

Notes
Turn   | Place    | Note
-------+----------+-------------------------------------------
     0 | D:1      | cdecastro the Human Cinder Acolyte began the quest for the
                  | Orb.
     0 | D:1      | Reached XP level 1. HP: 18/18 MP: 2/2
    62 | D:1      | Reached XP level 2. HP: 24/24 MP: 3/3
   496 | D:1      | Reached XP level 3. HP: 27/29 MP: 4/4
  1248 | D:2      | Reached XP level 4. HP: 35/35 MP: 5/5
  1284 | D:2      | Noticed Jessica
  1293 | D:2      | Killed Jessica
  1294 | D:2      | Reached skill level 5 in Polearms
  1419 | D:2      | Noticed Sigmund
  1429 | D:2      | Killed Sigmund
  1430 | D:2      | Reached XP level 5. HP: 29/41 MP: 6/6
  1430 | D:2      | Reached XP level 6. HP: 34/47 MP: 7/7
  2635 | D:4      | Reached skill level 1 in Ranged Weapons
  2867 | D:4      | Found a staircase to the Ecumenical Temple.
  3481 | Temple   | Entered the Ecumenical Temple
  3540 | D:5      | Entered Level 5 of the Dungeon
  3603 | D:5      | Reached XP level 7. HP: 48/52 MP: 8/8
  3724 | D:5      | Noticed Blork the orc
  3736 | D:5      | Killed Blork the orc
  3952 | D:5      | Noticed Pikel
  3970 | D:5      | Killed Pikel
  3971 | D:5      | Reached XP level 8. HP: 30/58 MP: 9/9
  4229 | D:5      | Found a sacrificial altar of Ru.
  4921 | D:6      | Reached skill level 5 in Fighting
  5400 | D:7      | Reached XP level 9. HP: 61/69 MP: 10/10
  6171 | D:7      | Reached skill level 10 in Polearms
  6182 | D:7      | HP: 3/65 [orc priest/divine providence (9)]
  6757 | D:8      | Reached XP level 10. HP: 64/80 MP: 11/11
  6837 | D:8      | Found a staircase to the Lair.
  7127 | D:8      | Reached skill level 10 in Fighting
  7689 | D:8      | Found a runed translucent gate.
  7689 | D:8      | Found a runed translucent gate.
  7689 | D:8      | Found a runed translucent gate.
  7691 | D:8      | Found an opulent altar of Gozag.
  7696 | D:8      | Noticed tizzy's ghost (novice GnEE)
  8302 | D:9      | Noticed a two-headed ogre
  8931 | D:10     | Entered Level 10 of the Dungeon
  9081 | D:10     | Reached XP level 11. HP: 77/90 MP: 12/12
  9454 | D:10     | Reached skill level 10 in Ranged Weapons
  9572 | D:10     | Found a staircase to the Orcish Mines.
 10402 | D:11     | Slain by a vampire

Illustrated notes

Levels and vault maps discovered:
D:1:      dpeg_arrival_prison, layout_loops_ring, chequers_big_river
D:2:      layout_basic, moated_statue, minmay_misc_feat_tiny, minivault_25,
          uniq_sigmund, uniq_jessica
D:3:      layout_loops_cross, minivault_23
D:4:      layout_loops_corners, minmay_temple_entry_antechambers,
          serial_bayou_pond_c
D:5:      layout_loops_corners, nicolae_ru_the_path_less_chosen, uniq_pikel,
          uniq_blork_the_orc
D:6:      layout_loops_cross
D:7:      layout_loops_cross
D:8:      layout_cave_pods, hellmonk_lair_entry_icy, ebering_ghost_gozag
D:9:      layout_cave_pods, grunt_ministairs_2
D:10:     layout_irregular_city, erik_orc_3
D:11:     layout_basic, nicolae_stop_n_shop_1
Temple:   nicolae_temple_the_god_donut

Skill      XL: |  1  2  3  4  5  6  7  8  9 10 11 |
---------------+----------------------------------+-----
Polearms       | 4 6 7 10 | 10.7
Ranged Weapons | 3 6 9 10 | 10.0
Fighting       | 6 7 10 | 10.0
Spellcasting   | |  1.0
Fire Magic     | |  3.0

Action                     |  1- 3 |  4- 6 |  7- 9 | 10-12 || total
---------------------------+-------+-------+-------+-------++-------
  Melee: Spear             |   171 |    75 |   310 |   460 ||  1016
         Punch             |     1 |     1 |     4 |    10 ||    16
         Trident           |       |       |       |    33 ||    33
   Fire: Sling             |       |    64 |   159 |    32 ||   255
 Invoke: Fiery Armour      |       |       |     2 |     3 ||     5
    Use: Scroll            |       |       |     5 |     3 ||     8
         Potion            |       |       |       |     2 ||     2
 Armour: Robe              |    53 |       |       |       ||    53
         Ring mail         |     5 |    41 |   148 |   120 ||   314
         Scale mail        |       |       |       |   137 ||   137
         Skin              |       |       |       |    12 ||    12
  Dodge: Dodged            |    78 |    52 |   222 |   277 ||   629
